 Dungeon Crawl Stone Soup version 0.30.1 (webtiles) character file.

Game seed: 12347608012769888794

454 Graphine the Chopper (level 7, -4/61 HPs)
             Began as a Hill Orc Monk on July 5, 2023.
             Slain by Duvessa
             ... wielding a +0 short sword of protection
              (10 damage)
             ... on level 4 of the Dungeon.
             The game lasted 00:05:15 (3419 turns).

Graphine the Chopper (Hill Orc Monk)                Turns: 3419, Time: 00:05:16

Health: -4/61      AC:  5    Str: 16    XL:     7   Next: 5%
Magic:  7/7        EV: 12    Int: 10    God:
Gold:   271        SH:  0    Dex: 13    Spells: 6/6 levels left

rFire   . . .        a - +0 hand axe
rCold   + . .        d - orb {light}
rNeg    . . .        g - +1 robe {rC+}
rPois   .            (no helmet)
rElec   .            r - +0 cloak
rCorr   .            t - +0 pair of gloves
SInv    .            (no boots)
Will    .....        (no amulet)
Stlth   +            (no ring)
HPRegen 0.30/turn    (no ring)
MPRegen 0.10/turn

%: no passive effects
@: glowing
A: no striking features
a: no special abilities


You were on level 4 of the Dungeon.
You visited 1 branch of the dungeon, and saw 4 of its levels.

You collected 271 gold pieces.

Inventory:

Hand Weapons
 a - a +0 hand axe (weapon)
 j - a +2 dagger of venom
 l - a +0 flail of holy wrath
 s - a +4 quarterstaff of chaos
Armour
 b - a +0 robe
 d - an orb of light (worn)
 g - a +1 robe of cold resistance (worn)
 r - a +0 cloak (worn)
 t - a +0 pair of gloves (worn)
Scrolls
 n - a scroll of identify
 p - a scroll of teleportation
Potions
 f - a potion of mutation {unknown}
 h - 2 potions of magic
 i - 3 potions of curing
 k - a potion of brilliance {unknown}
 m - a potion of degeneration {unknown}
 o - a potion of lignification {unknown}
 q - a potion of might {unknown}


   Skills:
 + Level 5.5 Fighting
 * Level 7.4 Axes
 + Level 3.3 Armour
 - Level 3.0 Dodging
 - Level 0.1 Shields


You had 6 spell levels left.
You didn't know any spells.
Your spell library contained the following spells:

 Spells                   Type           Power      Damage    Failure   Level
 Summon Guardian Golem    Hex/Summ       0%         N/A       75%         3
 Orb of Destruction       Conj           0%         9d5       100%        7
 Spellforged Servitor     Conj/Summ      0%         N/A       100%        7


Dungeon Overview and Level Annotations

Branches:
Dungeon (4/15)
 Temple: D:4-7

Altars:

Shops:
D:2 (

Annotations:
D:4 Dowan, Duvessa


Message History

You feel less confused. Duvessa closely misses you.
Dowan hits you with a +0 dagger.
* * * LOW HITPOINT WARNING * * *
You are confused.
You feel invigorated.
Duvessa hits you with a +0 short sword of protection.
* * * LOW HITPOINT WARNING * * *
Dowan mumbles some strange words.
Dowan blinks!
Duvessa says, "When magic and the sword combine, nothing stands against them."
Duvessa hits you with a +0 short sword of protection!
* * * LOW HITPOINT WARNING * * *
You barely miss Duvessa.
Duvessa is heavily wounded.
Duvessa misses you.
Duvessa hits you with a +0 short sword of protection!
* * * LOW HITPOINT WARNING * * *
You feel less invigorated.
You feel less confused.
Okay, then.
Okay, then.
Aiming: Bolt of Light
Press: ? - help, Shift-Dir - straight line, f/p - Duvessa
Aim: Duvessa, wielding a +0 short sword of protection and wearing a +0 chain mail (heavily wounded, fast, blind, haloed, 88% to hit)
The bolt of light hits Duvessa!
Duvessa is almost dead.
The now-empty wand crumbles to dust.
Duvessa hits you with a +0 short sword of protection!
* * * LOW HITPOINT WARNING * * *
Dowan hits you but does no damage.
Duvessa hits you with a +0 short sword of protection.
* * * LOW HITPOINT WARNING * * *
Cleave: a) +0 hand axe
Press: ? - help, Dir - move target, f/p - Duvessa
Aim: Duvessa, wielding a +0 short sword of protection and wearing a +0 chain mail (almost dead, fast, blind, haloed, about 10% to evade your +0 hand axe)
You barely miss Duvessa.
Duvessa is almost dead.
You hit Dowan.
Duvessa hits you with a +0 short sword of protection!
You die...

... ###.............#
.....#.#.............#
....#.⌠.#............##
..... #..............###
.....###.................
...........########.....)
..........††...# ##.....
#......e).......# #.....
###..#e@........# #.....
#. #..........##~...~~ ..
#..........#~~..~.. ..
#..........#~~..~.. ..
#..........#~~...~. .
#..........# ~..~.
.......... ~..~
.......... ..~


You could see Duvessa (fast, blind) and Dowan.

Vanquished Creatures
  A black bear (D:4)
  Crazy Yiuf (D:2)
  A jelly (D:3)
  Jessica (D:2)
  Natasha (twice) (D:2)
  2 orc wizards (D:3)
  10 adders
  A gnoll (D:4)
  A worm (D:4)
  A dart slug (D:1)
  3 orcs (D:3)
  3 bats
  6 endoplasms
  2 giant cockroaches (D:1)
  9 hobgoblins
  3 jackals (D:4)
  2 quokkas
  4 ball pythons
  4 frilled lizards
  9 goblins
  8 kobolds
  7 rats
81 creatures vanquished.

Notes
Turn   | Place    | Note
-------+----------+-------------------------------------------
     0 | D:1      | Graphine the Hill Orc Monk began the quest for the Orb.
     0 | D:1      | Reached XP level 1. HP: 19/19 MP: 1/1
   158 | D:1      | Reached XP level 2. HP: 27/27 MP: 2/2
   420 | D:1      | Reached XP level 3. HP: 20/33 MP: 3/3
   698 | D:2      | Noticed Jessica
   718 | D:2      | Reached skill level 1 in Armour
   727 | D:2      | Killed Jessica
   728 | D:2      | Reached skill level 5 in Axes
   728 | D:2      | Reached XP level 4. HP: 15/40 MP: 4/4
   936 | D:2      | Found Rowuvog's Weapon Emporium.
  1073 | D:2      | Found a runed translucent door.
  1074 | D:2      | Noticed Crazy Yiuf
  1195 | D:2      | Reached XP level 5. HP: 39/47 MP: 5/5
  1643 | D:2      | Noticed Natasha
  1649 | D:2      | Killed Natasha
  1753 | D:2      | Reached skill level 6 in Axes
  1813 | D:2      | Noticed Natasha
  1821 | D:2      | Killed Natasha
  1989 | D:2      | Killed Crazy Yiuf
  1990 | D:2      | Reached XP level 6. HP: 41/55 MP: 1/6
  2421 | D:3      | Reached skill level 5 in Fighting
  3205 | D:4      | Noticed a black bear
  3225 | D:4      | Killed a black bear
  3226 | D:4      | Reached skill level 7 in Axes
  3281 | D:4      | Reached XP level 7. HP: 42/61 MP: 7/7
  3381 | D:4      | Noticed Duvessa
  3381 | D:4      | Noticed Dowan
  3419 | D:4      | Slain by Duvessa

Illustrated notes

Levels and vault maps discovered:
D:1:      ebering_trefoil_twist, layout_rooms, chequers_decorated_corner,
          minmay_gold_behind_fungi, serial_park_tiny_pond
D:2:      layout_basic, serial_shops, shop, minmay_surrounded, uniq_jessica,
          uniq_crazy_yiuf_cottage, uniq_natasha
D:3:      layout_basic, roderic_lattice_a
D:4:      cheibrodos_helix_gallery, layout_basic, gammafunk_ghost_cemetery,
          serial_shops, shop, grunt_decor_one_mirror, uniq_duvessa

Skill      XL: |  1  2  3  4  5  6 |
---------------+-------------------+-----
Fighting       | 4 5 |  5.5
Armour         | 1 2 3 |  3.3
Axes           | 5 6 7 |  7.4
Dodging        | 3 |  3.0
Shields        | |  0.1

Action                     |  1- 3 |  4- 6 |  7- 9 || total
---------------------------+-------+-------+-------++-------
  Melee: Hand axe          |    85 |   167 |    30 ||   282
  Evoke: Wand              |       |     3 |     4 ||     7
    Use: Scroll            |     2 |     4 |       ||     6
         Potion            |       |       |     2 ||     2
   Stab: Invisible         |       |     4 |     2 ||     6
 Armour: Robe              |    13 |    41 |     6 ||    60
  Dodge: Dodged            |    50 |    90 |    24 ||   164
